BR (22 & UNDER)
AMITY GARDENS WESTERNERS @ SANTA ANNA DUKES
09/12/2029
 
TOP OF THE 1ST
Amity Gardens Westerners batting - Pitching for Santa Anna Dukes : RHP Randy Rivera
Pitching: RHP Randy Rivera
Batting: RHB Gustavo Todd 0-0: Ball
1-0: Swinging Strike
1-1: Bunt missed!
1-2: Foul Ball, location: 2F
1-2: Foul Ball, location: 2F
1-2: Ball
2-2: Fly out, F8 (Flyball, 8RD)
Batting: RHB Millard Cummings 0-0: Ball
1-0: Ground out 6-3 (Groundball, 6)
Batting: RHB Carlos Dumenigo 0-0: Ball
1-0: SINGLE (Line Drive, 34D)
Batting: RHB Bill Starr 0-0: Ball
1-0: Called Strike
1-1: Fly out, F8 (Flyball, 8RD)
Top of the 1st over - 0 runs, 1 hit, 0 errors, 1 left on base; Amity Gardens 0 - Santa Anna 0
BOTTOM OF THE 1ST
Santa Anna Dukes batting - Pitching for Amity Gardens Westerners : RHP Jeffrey Cochran
Pitching: RHP Jeffrey Cochran
Batting: LHB Luis García 0-0: Called Strike
0-1: Ground out 4-3 (Groundball, 4)
Batting: LHB Iván Soriano 0-0: Ground out 6-3 (Groundball, 6)
Batting: SHB Kel Davis 0-0: Ball
1-0: Ball
2-0: Ball
3-0: Called Strike
3-1: Base on Balls
Batting: RHB Andrés Pérez 0-0: Called Strike
0-1: Ball
1-1: Called Strike
1-2: Fly out, F9 (Flyball, 9D)
Bottom of the 1st over - 0 runs, 0 hits, 0 errors, 1 left on base; Amity Gardens 0 - Santa Anna 0
TOP OF THE 2ND
Amity Gardens Westerners batting - Pitching for Santa Anna Dukes : RHP Randy Rivera
Batting: LHB Jack Mitchell 0-0: Foul Ball, location: 2F
0-1: Ball
1-1: Ball
2-1: Called Strike
2-2: Ball
3-2: DOUBLE (Line Drive, 9LS)
Batting: RHB John Conway 0-0: Called Strike
0-1: Called Strike
0-2: Foul Ball, location: 2F
0-2: SINGLE (Groundball, 56D)
Jack Mitchell to third
Runner from 3rd tries for Home, SAFE, no throw
Batting: RHB Iván Ramón 0-0: Called Strike
0-1: Called Strike
0-2: Ball
1-2: Strikes out looking
Batting: RHB Mitchell van den Boom 0-0: Fly out, F8 (Flyball, 8RM)
Batting: RHB Josh Bergman 0-0: Ball
1-0: Foul Ball, location: 2F
1-1: Ground out 5-3 (Groundball, 56S)
Top of the 2nd over - 1 run, 2 hits, 0 errors, 1 left on base; Amity Gardens 1 - Santa Anna 0
BOTTOM OF THE 2ND
Santa Anna Dukes batting - Pitching for Amity Gardens Westerners : RHP Jeffrey Cochran
Batting: RHB Amdre Casse 0-0: Ball
1-0: Ball
2-0: Ball
3-0: Called Strike
3-1: Fly out, F7 (Flyball, 7)
Batting: RHB Terry Griffin 0-0: Called Strike
0-1: Swinging Strike
0-2: Foul Ball, location: 2F
0-2: Ball
1-2: Ball
2-2: Strikes out swinging
Batting: LHB Francisco Madraso 0-0: Ball
1-0: Ball
2-0: Ground out 4-3 (Groundball, 4)
Bottom of the 2nd over - 0 runs, 0 hits, 0 errors, 0 left on base; Amity Gardens 1 - Santa Anna 0
TOP OF THE 3RD
Amity Gardens Westerners batting - Pitching for Santa Anna Dukes : RHP Randy Rivera
Batting: RHB Gustavo Todd 0-0: Ball
1-0: SOLO HOME RUN (Flyball, 7D), Distance : 407 ft
Batting: RHB Millard Cummings 0-0: Ball
1-0: Ball
2-0: Foul Ball, location: 2F
2-1: Ball
3-1: SINGLE (Groundball, 4MD)
Batting: RHB Carlos Dumenigo 0-0: Ball
1-0: Ball
2-0: Swinging Strike
2-1: Ball
3-1: SINGLE (Flyball, 78S)
Millard Cummings to second
Batting: RHB Bill Starr 0-0: Fly out, F8 (Flyball, 8RS)
Batting: LHB Jack Mitchell 0-0: Ball
1-0: Ball
2-0: Called Strike
2-1: Ball
3-1: Foul Ball, location: 2F
3-2: Grounds into double play, 5-4-3 (Groundball, 56)
Top of the 3rd over - 1 run, 3 hits, 0 errors, 1 left on base; Amity Gardens 2 - Santa Anna 0
BOTTOM OF THE 3RD
Santa Anna Dukes batting - Pitching for Amity Gardens Westerners : RHP Jeffrey Cochran
Batting: RHB Eric Hillman 0-0: Foul Ball, location: 2F
0-1: Fly out, F8 (Flyball, 8LD)
Batting: RHB Ken Pérez 0-0: Ball
1-0: Ball
2-0: SINGLE (Flyball, 89S)
Batting: LHB Luis García 0-0: Fly out, F9 (Line Drive, 89M)
Batting: LHB Iván Soriano 0-0: Called Strike
0-1: Called Strike
0-2: Strikes out swinging
Bottom of the 3rd over - 0 runs, 1 hit, 0 errors, 1 left on base; Amity Gardens 2 - Santa Anna 0
TOP OF THE 4TH
Amity Gardens Westerners batting - Pitching for Santa Anna Dukes : RHP Randy Rivera
Batting: RHB John Conway 0-0: SINGLE (Line Drive, 8LS)
Batting: RHB Iván Ramón 0-0: Called Strike
0-1: Called Strike
0-2: Strikes out looking
Batting: RHB Mitchell van den Boom 0-0: SINGLE (Groundball, 4MD)
John Conway to second
Batting: RHB Josh Bergman 0-0: Swinging Strike
0-1: Ball
1-1: Foul Ball, location: 2F
1-2: Strikes out swinging
Batting: RHB Gustavo Todd 0-0: Called Strike
0-1: Foul Ball, location: 2F
0-2: Strikes out looking
Top of the 4th over - 0 runs, 2 hits, 0 errors, 2 left on base; Amity Gardens 2 - Santa Anna 0
BOTTOM OF THE 4TH
Santa Anna Dukes batting - Pitching for Amity Gardens Westerners : RHP Jeffrey Cochran
Batting: SHB Kel Davis 0-0: Called Strike
0-1: Ball
1-1: Reached via error on a dropped throw, E1
Batting: RHB Andrés Pérez 0-0: Swinging Strike
0-1: Called Strike
0-2: Foul Ball, location: 2F
0-2: Ball
1-2: Foul Ball, location: 2F
1-2: Strikes out swinging
Batting: RHB Amdre Casse 0-0: Called Strike
0-1: Grounds into double play, 1-6-3 (Groundball, P)
Bottom of the 4th over - 0 runs, 0 hits, 1 error, 0 left on base; Amity Gardens 2 - Santa Anna 0
TOP OF THE 5TH
Amity Gardens Westerners batting - Pitching for Santa Anna Dukes : RHP Randy Rivera
Batting: RHB Millard Cummings 0-0: Called Strike
0-1: Called Strike
0-2: Fly out, F4 (Popup, 4D)
Batting: RHB Carlos Dumenigo 0-0: DOUBLE (Line Drive, 78D)
Batting: RHB Bill Starr 0-0: Ball
1-0: Ball
2-0: Ball
3-0: Called Strike
3-1: Foul Ball, location: 2F
3-2: Fly out, F7 (Flyball, 7LSF)
Batting: LHB Jack Mitchell 0-0: SINGLE (Line Drive, 8LS)
Carlos Dumenigo to third
Runner from 3rd tries for Home, SAFE, no throw
Batting: RHB John Conway 0-0: Ball
1-0: Ball
2-0: Fly out, F7 (Flyball, 7D)
Top of the 5th over - 1 run, 2 hits, 0 errors, 1 left on base; Amity Gardens 3 - Santa Anna 0
BOTTOM OF THE 5TH
Santa Anna Dukes batting - Pitching for Amity Gardens Westerners : RHP Jeffrey Cochran
Batting: RHB Terry Griffin 0-0: TRIPLE (Flyball, 89XD)
Batting: LHB Francisco Madraso 0-0: SINGLE (Line Drive, 7LS)
Terry Griffin scores
Batting: RHB Eric Hillman 0-0: Fly out, F7 (Flyball, 78D)
Batting: RHB Ken Pérez 0-0: Called Strike
0-1: Ball
1-1: Foul Ball, location: 2F
1-2: Ball
2-2: Ball
Wild Pitch!
Francisco Madraso to second
3-2: SINGLE (Groundball, 56D)
Francisco Madraso to third
Runner from 3rd tries for Home, SAFE, no throw
Batting: LHB Luis García 0-0: Ball
1-0: Swinging Strike
1-1: Foul Ball, location: 2F
1-2: Strikes out looking
Batting: LHB Iván Soriano 0-0: Ball
1-0: Called Strike
1-1: Ball
2-1: Ball
3-1: Foul Ball, location: 2F
3-2: Foul Ball, location: 2F
3-2: Base on Balls
Ken Pérez to second
Batting: SHB Kel Davis 0-0: Ball
1-0: Ball
2-0: Swinging Strike
2-1: Foul Ball, location: 2F
2-2: Foul Ball, location: 2F
2-2: Strikes out swinging
Bottom of the 5th over - 2 runs, 3 hits, 0 errors, 2 left on base; Amity Gardens 3 - Santa Anna 2
TOP OF THE 6TH
Amity Gardens Westerners batting - Pitching for Santa Anna Dukes : RHP Randy Rivera
Batting: RHB Iván Ramón 0-0: Ball
1-0: Ball
2-0: Swinging Strike
2-1: Foul Ball, location: 2F
2-2: Strikes out swinging
Batting: RHB Mitchell van den Boom 0-0: Called Strike
0-1: Foul Ball, location: 2F
0-2: Ground out 4-3 (Groundball, 4MS)
Batting: RHB Josh Bergman 0-0: Called Strike
0-1: Ball
1-1: Ball
2-1: Called Strike
2-2: Ball
3-2: Strikes out swinging
Top of the 6th over - 0 runs, 0 hits, 0 errors, 0 left on base; Amity Gardens 3 - Santa Anna 2
BOTTOM OF THE 6TH
Santa Anna Dukes batting - Pitching for Amity Gardens Westerners : RHP Jeffrey Cochran
Batting: RHB Andrés Pérez 0-0: Called Strike
0-1: Foul Ball, location: 2F
0-2: Foul Ball, location: 2F
0-2: DOUBLE (Line Drive, 89D)
Batting: RHB Amdre Casse 0-0: Swinging Strike
0-1: Ball
1-1: Ball
2-1: Foul Ball, location: 2F
2-2: Ball
3-2: Foul Ball, location: 2F
3-2: Base on Balls
Pinch Runner at 2nd Julián García:
Batting: RHB Terry Griffin 0-0: Fly out, F7 (Flyball, 7LM)
Batting: LHB Francisco Madraso 0-0: Fly out, F9 (Flyball, 9LM)
Batting: RHB Eric Hillman 0-0: Ball
1-0: Fielders Choice at 2nd, 6-4 (Groundball, 6)
Bottom of the 6th over - 0 runs, 1 hit, 0 errors, 2 left on base; Amity Gardens 3 - Santa Anna 2
TOP OF THE 7TH
Amity Gardens Westerners batting - Pitching for Santa Anna Dukes : RHP Randy Rivera
Now in RF: Julián García
Batting: RHB Gustavo Todd 0-0: Ball
1-0: Ground out 4-3 (Groundball, 4MD)
Batting: RHB Millard Cummings 0-0: Ground out 4-3 (Groundball, 4)
Batting: RHB Carlos Dumenigo 0-0: DOUBLE (Line Drive, 9LD)
Batting: RHB Bill Starr 0-0: Called Strike
0-1: Ball
1-1: Foul Ball, location: 2F
1-2: Ball
2-2: SINGLE (Groundball, 34D)
Carlos Dumenigo to third
Runner from 3rd tries for Home, SAFE, no throw
Pitching: LHP Mark Harper
Batting: LHB Jack Mitchell 0-0: Called Strike
0-1: Foul Ball, location: 2F
0-2: Ball
1-2: Foul Ball, location: 2F
1-2: Strikes out swinging
Top of the 7th over - 1 run, 2 hits, 0 errors, 1 left on base; Amity Gardens 4 - Santa Anna 2
BOTTOM OF THE 7TH
Santa Anna Dukes batting - Pitching for Amity Gardens Westerners : RHP Jeffrey Cochran
Now in LF: William Ewing
Batting: RHB Ken Pérez 0-0: Ground out 4-3 (Groundball, 4S)
Batting: LHB Luis García 0-0: Ball
1-0: Swinging Strike
1-1: Foul Ball, location: 2F
1-2: Foul Ball, location: 2F
1-2: Ball
2-2: Ground out 4-3 (Groundball, 4)
Batting: LHB Iván Soriano 0-0: Called Strike
0-1: Ground out 5-3 (Groundball, 5)
Bottom of the 7th over - 0 runs, 0 hits, 0 errors, 0 left on base; Amity Gardens 4 - Santa Anna 2
TOP OF THE 8TH
Amity Gardens Westerners batting - Pitching for Santa Anna Dukes : LHP Mark Harper
Pitching: RHP Pat Wright
Batting: RHB John Conway 0-0: Foul Ball, location: 2F
0-1: Ball
1-1: Ball
2-1: Ball
3-1: Called Strike
3-2: Fly out, F9 (Flyball, 9LM)
Batting: RHB Iván Ramón 0-0: Swinging Strike
0-1: Ball
1-1: Called Strike
1-2: Ground out 4-3 (Groundball, 4)
Batting: RHB Mitchell van den Boom 0-0: Ball
1-0: Ball
2-0: Ball
3-0: Called Strike
3-1: Base on Balls
Batting: RHB Josh Bergman 0-0: Ball
1-0: Ball
2-0: Swinging Strike
2-1: Ground out 5-3 (Groundball, 56S)
Top of the 8th over - 0 runs, 0 hits, 0 errors, 1 left on base; Amity Gardens 4 - Santa Anna 2
BOTTOM OF THE 8TH
Santa Anna Dukes batting - Pitching for Amity Gardens Westerners : RHP Jeffrey Cochran
Batting: SHB Kel Davis 0-0: Ball
1-0: Called Strike
1-1: Called Strike
1-2: Ball
2-2: Ball
3-2: SINGLE (Flyball, 8RS)
Pinch Runner at 1st Ed Jackson:
Batting: RHB Julián García 0-0: Called Strike
0-1: DOUBLE (Line Drive, 78D)
Ed Jackson to third
Runner from 3rd tries for Home, SAFE, no throw
Pinch Hitting: LHB Leon Malone 0-0: Ball
1-0: Called Strike
1-1: Ball
2-1: Called Strike
2-2: Strikes out swinging
Pinch Hitting: RHB Donald Fenner 0-0: Ball
1-0: Called Strike
1-1: Ball
Wild Pitch!
Julián García to third
2-1: Called Strike
2-2: Strikes out swinging
Batting: LHB Francisco Madraso 0-0: Ball
1-0: Foul Ball, location: 2F
1-1: Fly out, F7 (Flyball, 7S)
Bottom of the 8th over - 1 run, 2 hits, 0 errors, 1 left on base; Amity Gardens 4 - Santa Anna 3
TOP OF THE 9TH
Amity Gardens Westerners batting - Pitching for Santa Anna Dukes : RHP Pat Wright
Now at 2B: Leon Malone
Now at SS: Donald Barrett
Now in RF: Lance Fullerton
Batting: RHB Gustavo Todd 0-0: Foul Ball, location: 2F
0-1: Foul Ball, location: 2F
0-2: Strikes out swinging
Batting: RHB Millard Cummings 0-0: Called Strike
0-1: Swinging Strike
0-2: Foul Ball, location: 2F
0-2: Foul Ball, location: 2F
0-2: Ball
1-2: Strikes out swinging
Batting: RHB Carlos Dumenigo 0-0: Ball
1-0: Called Strike
1-1: Ground out 6-3 (Groundball, 6)
Top of the 9th over - 0 runs, 0 hits, 0 errors, 0 left on base; Amity Gardens 4 - Santa Anna 3
BOTTOM OF THE 9TH
Santa Anna Dukes batting - Pitching for Amity Gardens Westerners : RHP Jeffrey Cochran
Batting: RHB Eric Hillman 0-0: SINGLE (Groundball, 6MD)
Pinch Hitting: LHB Xavier Carrillo 0-0: Fielders Choice at 2nd, 6-4 (Groundball, 6M)
Batting: LHB Luis García 0-0: SINGLE (Line Drive, 9LS)
Xavier Carrillo to second
Runner from 2nd tries for 3rd, SAFE, no throw
Batting: LHB Iván Soriano 0-0: Foul Ball, location: 2F
0-1: Called Strike
0-2: Strikes out swinging
Batting: RHB Donald Barrett 0-0: Ball
1-0: Fielders Choice at 2nd, U6 (Groundball, 6M)
Bottom of the 9th over - 0 runs, 2 hits, 0 errors, 2 left on base; Amity Gardens 4 - Santa Anna 3
Saturday, December 16th, 2017 - OOTP Baseball 18.8 Build 76